 Dungeon Crawl Stone Soup version 0.22-a0-414-gacd343e8ff (webtiles) character file.

13 Manul the Ducker (level 2, -1/22 HPs)
             Began as a Demonspawn Gladiator on May 13, 2018.
             Slain by a hobgoblin (2 damage)
             ... on level 1 of the Dungeon.
             The game lasted 00:00:27 (393 turns).

Manul the Ducker (Demonspawn Gladiator)              Turns: 393, Time: 00:00:27

Health: -1/22      AC:  4    Str: 14    XL:     2   Next: 24%
Magic:  2/2        EV: 13    Int:  9    God:
Gold:   24         SH:  4    Dex: 14    Spells: 1/1 levels left

rFire    . . .     SeeInvis .   a - +0 long sword
rCold    . . .     Gourm    .   (no shield)
rNeg     . . .     Faith    .   b - +0 leather armour
rPois    .         Spirit   .   c - +0 helmet
rElec    .         Reflect  .   (no cloak)
rCorr    .         Harm     .   (no gloves)
MR       .....                  (no boots)
Stlth    +.........             (no amulet)
HPRegen  0.07/turn              (no ring)
MPRegen  0.08/turn              (no ring)

@: no status effects
A: large bone plates 1
a: no special abilities


You were on level 1 of the Dungeon.
You were not hungry.

You visited 1 branch of the dungeon, and saw 1 of its levels.

You collected 24 gold pieces.

Inventory:

Hand Weapons
 a - a +0 long sword (weapon)
Missiles
 d - 4 throwing nets (quivered)
Armour
 b - a +0 leather armour (worn)
 c - a +0 helmet (worn)
Scrolls
 e - a scroll of magic mapping {unknown}
 h - a scroll of immolation {unknown}
Comestibles
 f - 2 rations
 g - a chunk of flesh


   Skills:
 + Level 2.0 Fighting
 + Level 2.9 Long Blades
 + Level 1.9 Throwing
 + Level 0.1 Armour
 + Level 3.0 Dodging


You had one spell level left.
You didn't know any spells.
Your spell library was empty.

Dungeon Overview and Level Annotations

Branches:
Dungeon (1/15)

Altars:


Innate Abilities, Weirdness & Mutations

You are partially covered in large bone plates. (SH +4)


Message History

You are too injured to fight recklessly!
You are too injured to fight recklessly!
You are too injured to fight recklessly!
You are too injured to fight recklessly!
You are too injured to fight recklessly!
You are too injured to fight recklessly!
You hit the dart slug.
The dart slug is severely wounded.
The hobgoblin hits you. x2
* * * LOW HITPOINT WARNING * * *
You barely miss the dart slug.
The dart slug is severely wounded.
The dart slug bites you.
* * * LOW HITPOINT WARNING * * *
The hobgoblin barely misses you.
Unknown command.
You hit the dart slug.
The dart slug is severely wounded.
The dart slug barely misses you. The hobgoblin hits you.
You die...

....♣≈♣............... #
#≈≈≈≈.##.########### # #.
#.#P..##.# #.....
#.#.#####.#......# #.....
#.............#### #.....
...........##.### #.....
................#######.....
..........w##.#.#.....#.....
..#+###.#+#@..#.#.....#.....
......g.### #.....'.....
.......... #.....#####'
............. #(....#<'.#.
##............ ####'####'#.
#............. #...'..#.
#.............# #...#..#.
########....# #...####.
########.


You could see a dart slug and a hobgoblin.

Vanquished Creatures
  A dart slug (D:1)
  2 ball pythons (D:1)
  A goblin (D:1)
  2 hobgoblins (D:1)
  A kobold (D:1)
  3 bats (D:1)
  A rat (D:1)
11 creatures vanquished.

Notes
Turn   | Place    | Note
-------+----------+-------------------------------------------
     0 | D:1      | Manul the Demonspawn Gladiator began the quest for the Orb.
     0 | D:1      | Reached XP level 1. HP: 16/16 MP: 1/1
   143 | D:1      | Reached skill level 3 in Dodging
   247 | D:1      | Gained mutation: You are partially covered in large bone plates. (SH +4) [demonic ancestry]
   247 | D:1      | Reached XP level 2. HP: 20/22 MP: 2/2
   392 | D:1      | HP: 1/22 [dart slug (3)]
   393 | D:1      | Slain by a hobgoblin

Vault maps used:
D:1:      evilmike_arrival_fibonacci_small, serial_curves, eino_curves_04,
          eino_curves_02, eino_curves_04, serial_bayou_pond_d,
          kennysheep_minor_cross, tso_altar

Skill      XL: |  1 |
---------------+----+-----
Dodging        | 3 |  3.0
Fighting       | |  2.0
Long Blades    | |  2.9
Throwing       | |  1.9
Armour         | |  0.1

Action                   || total
-------------------------++-------
Melee: Long sword        ||    34
Armor: Leather armour    ||    12
Dodge: Dodged            ||    33
Block: Other             ||     3
       Rpst.: Long sword ||     8

Table legend:
 A = Spawn XP
 B = Non-spawn XP
 C = Spawn XP percentage of total XP
 D = Spawn monster count
 E = Non-spawn monster count
 F = Spawn count percentage of total count
 G = Total turns spent on level
                    A         B        C        D         E        F      G
               +---------+---------+-------+---------+---------+-------+---------
         Total |       0 |      19 |   0.0 |       0 |      11 |   0.0 |   393
               +---------+---------+-------+---------+---------+-------+---------
           D:1 |       0 |      19 |   0.0 |       0 |      11 |   0.0 |   393
               +---------+---------+-------+---------+---------+-------+---------
